AoeStats
← Animal Mother

Arabia

507232964Analyzed
4v4 RM · 16d ago on Sep 17, 2026· 29m 11s· 8 players
Game mode
Random Map
Map size
Large (8 player)
Population
200
Speed
Normal
Resources
Standard
Victory
Conquest
Starting age
Dark Age
Ending age
Imperial Age
RankedLock teamsTeams togetherTeam positionsShared explorationLock speedFull tech treeHidden civsTurbo modeCheats
Victory
Defeat
🇦🇷 Britons · Argentina
934
+10
🇨🇳 Poles · China
820
+14
🇺🇸 Ethiopians · United States
787
+16
🇪🇸 Lithuanians · Spain
785
+16
🇫🇷 Byzantines · France
955
-21
🇺🇸 Huns · United States
890
-18
🇸🇬 Huns · Singapore
696
-10
🇮🇹 Goths · Italy
604
-7
Animal Mother
13:55 Feudal Age
12:11 Loom
20:37 Castle Age
21:31 Crossbowman
22:19 Thumb Ring
22:33 Padded Archer Armor
22:24 Fletching
22:20 Horse Collar
22:27 Double-Bit Axe
22:59 Stone Mining
23:02 Gold Mining
24:16 Squires
24:03 Arson
24:56 Bow Saw
27:13 Forging
26:58 Bodkin Arrow
30:24 Wheelbarrow
Casy2210
8:05 Loom
10:32 Feudal Age
17:25 Castle Age
18:26 Bloodlines
20:28 Husbandry
21:56 Scale Barding Armor
_132_Ñandu_Arg
8:01 Loom
11:22 Feudal Age
12:05 Double-Bit Axe
15:16 Wheelbarrow
16:43 Gold Mining
17:00 Fletching
18:45 Padded Archer Armor
27:22 Horse Collar
noob
12:23 Feudal Age
12:46 Horse Collar
12:55 Double-Bit Axe
14:25 Loom
14:26 Town Watch
19:04 Castle Age
19:39 Scale Barding Armor
20:27 Bow Saw
20:20 Heavy Plow
22:07 Bloodlines
22:00 Husbandry
22:34 Chain Barding Armor
23:18 Stone Mining
25:05 Forging
24:55 Light Cavalry
29:29 Szlachta Privileges
Pegasus75
9:56 Loom
11:42 Feudal Age
16:55 Castle Age
21:44 Fletching
22:38 Bodkin Arrow
Blueper
11:17 Feudal Age
13:58 Bloodlines
15:31 Horse Collar
21:22 Forging
28:46 Castle Age
27:11 Scale Mail Armor
27:21 Scale Barding Armor
Soldaris
3:12 Loom
10:43 Feudal Age
12:10 Wheelbarrow
11:22 Horse Collar
14:14 Gold Mining
21:24 Castle Age
20:02 Forging
21:29 Fletching
22:17 Double-Bit Axe
22:33 Heavy Plow
22:52 Hand Cart
psycho93
0:31 Loom
12:53 Feudal Age
13:25 Horse Collar
13:40 Double-Bit Axe
14:08 Gold Mining
17:31 Wheelbarrow
Connection lost

Rejoining the realm…

Still unreachable

The connection could not be restored.

Session expired

The server has moved on; the page needs a fresh start.